 Dungeon Crawl Stone Soup version 0.18.1-6-gd335043 (webtiles) character file.

240 Vaeri the Caller (level 5, -1/28 HPs)
             Began as a Deep Elf Summoner on May 18, 2016.
             Was a Believer of Okawaru (penitent).
             Slain by a centaur (7 damage)
             ... on level 3 of the Dungeon.
             The game lasted 00:42:53 (3972 turns).

Vaeri the Caller (Deep Elf Summoner)                Turns: 3972, Time: 00:42:54

Health: -1/28      AC:  3    Str:  5    XL:     5   Next: 79%
Magic:  4/15       EV: 13    Int: 26    God:    Okawaru [*]
Gold:   195        SH:  0    Dex: 15    Spells: 3 memorised, 9 levels left

rFire  . . .     SeeInvis .     d - -2 dagger (curse)
rCold  . . .     Gourm    .     a - +0 robe
rNeg   . . .     Faith    .     (no shield)
rPois  .         Spirit   .     F - +0 helmet
rElec  .         Dismiss  .     (no cloak)
rCorr  .         Reflect  .     (no gloves)
SustAt .         Harm     .     (no boots)
MR     .....                    (no amulet)
Stlth  ++........               (no ring)
                                (no ring)

@: brilliant, not resistant to hostile enchantments, unstealthy
A: no striking features
a: Renounce Religion


You were on level 3 of the Dungeon.
You worshipped Okawaru.
Okawaru was demanding penance.
You were hungry.

You visited 1 branch of the dungeon, and saw 4 of its levels.

You collected 195 gold pieces.

Inventory:

Hand Weapons
 d - a cursed -2 dagger (weapon)
 l - a +0 club
 n - a +0 hunting sling
 r - a cursed -2 short sword
 u - a +0 dagger
 w - a +0 trident
 B - a +0 scythe
 E - a +0 whip
 G - a +0 dagger
 H - a +0 short sword
 J - a +0 mace
 L - a +0 hunting sling
 M - a +0 flail
 P - a +0 flail
 Q - a +0 whip
 S - a +0 halberd
Missiles
 e - 55 sling bullets
 f - 17 arrows
 i - 31 bolts
 k - a tomahawk
 p - 57 stones (quivered)
 z - 24 poisoned needles
Armour
 a - a +0 robe (worn)
 j - a +0 robe
 o - a +1 plate armour
 q - a +0 chain mail
 v - a +0 ring mail
 y - a +0 animal skin
 C - a +0 robe
 F - a +0 helmet (worn)
 K - a +0 robe
 R - a +0 leather armour
Wands
 t - a wand of digging (9/24)
 x - a wand of iceblast (0/15)
Scrolls
 h - 2 scrolls of identify
 m - 2 scrolls of noise
 s - a scroll of enchant armour
Potions
 g - a potion of flight {unknown}
Books
 b - a book of Callings

   Spells                             Type                      Level
   a - Summon Small Mammal            Summoning                    1
   b - Call Imp                       Summoning                    2
   c - Call Canine Familiar           Summoning                    3
   d - Summon Guardian Golem          Hexes/Summoning              3
   e - Summon Lightning Spire         Summoning/Air                4
   f - Summon Ice Beast               Ice/Summoning                4
 O - a book of Annihilations

   Spells                             Type                      Level
   a - Poison Arrow                   Conjuration/Poison           6
   b - Chain Lightning                Conjuration/Air              8
   c - Lehudib's Crystal Spear        Conjuration/Earth            8
   d - Glaciate                       Conjuration/Ice              9
   e - Fire Storm                     Conjuration/Fire             9
Comestibles
 c - 2 bread rations
 D - 2 beef jerkies
 N - 13 chunks of flesh


   Skills:
 + Level 0.1 Fighting
 + Level 0.2 Short Blades
 + Level 0.4 Throwing
 + Level 2.8 Dodging
 + Level 2.5 Stealth
 + Level 5.5 Spellcasting
 + Level 1.0 Hexes
 + Level 6.2 Summonings
 + Level 0.2 Evocations


You had 9 spell levels left.
You knew the following spells:

 Your Spells              Type           Power        Failure   Level  Hunger
a - Summon Small Mammal   Summ           ####         1%          1    None
b - Call Imp              Summ           ######..     1%          2    None
c - Summon Guardian Gole  Hex/Summ       #####...     1%          3    #......


Dungeon Overview and Level Annotations

Branches:
Dungeon (4/15)
 Temple: D:4-7

Altars:
Okawaru
Zin


Message History

Your white imp disappears in a puff of smoke!
There is a stone staircase leading up here.
You climb upwards.
There is a stone staircase leading down here.
You climb downwards.
The centaur unwields an uncursed shortbow.
The centaur hits you! The centaur hits you.
There is a stone staircase leading up here.
You can't go down here!
The centaur hits you.
You climb upwards.
There is a stone staircase leading down here.
It was a potion of brilliance.
You feel clever all of a sudden. The centaur hits you.
* * * LOW HITPOINT WARNING * * *
The centaur misses you.
As you read the scroll labeled WEN RATHRYRGHE, it crumbles to dust.
The scroll dissolves into smoke.
It was a scroll of fog.
The centaur hits you!
You die...

..#
#...........#...##..........
###
#...%...........##..........
#...............##..........
####......###......##..........
#..........###..#.###..........
#..........###..#..............
#............§§§#####..........
#..........###§## #..........
#...........§c@# #..........
#..........##### #..........
#..........# #..........
#..........# ####.######
#..........# #.# #..........#
#.# #### ############ #.# #.5.
#.# #.## #.# #.#


You could see a centaur.

Vanquished Creatures
  An orc (D:3)
  2 bats (D:3)
  A goblin (D:3)
  A rat (D:3)
5 creatures vanquished.

Vanquished Creatures (collateral kills)
  Sigmund (D:3)
  A gnoll shaman (D:4)
  A hound (D:4)
  Robin (D:3)
  3 gnolls (D:4)
  4 adders
  A worm (D:3)
  2 dart slugs
  An orc (D:3)
  2 ball pythons
  6 giant cockroaches
  17 goblins
  7 hobgoblins
  15 jackals
  A quokka (D:3)
  7 bats
  3 giant newts (D:1)
  4 kobolds
  7 rats
84 creatures vanquished.

Grand Total: 89 creatures vanquished

Notes
Turn   | Place    | Note
--------------------------------------------------------------
     0 | D:1      | Vaeri the Deep Elf Summoner began the quest for the Orb.
     0 | D:1      | Reached XP level 1. HP: 10/10 MP: 6/6
   897 | D:1      | Reached XP level 2. HP: 15/15 MP: 5/8
  1027 | D:1      | Learned a level 2 spell: Call Imp
  1398 | D:2      | Reached skill level 5 in Summonings
  1747 | D:2      | Found a faded altar to an unknown god.
  1758 | D:2      | Reached XP level 3. HP: 19/19 MP: 5/10
  1804 | D:2      | Became a worshipper of Warmaster Okawaru
  1804 | D:2      | Reached * piety under Okawaru
  2311 | D:3      | Noticed Sigmund
  2364 | D:3      | Killed Sigmund
  2364 | D:3      | Reached ** piety under Okawaru
  2364 | D:3      | Reached skill level 6 in Summonings
  2364 | D:3      | Reached XP level 4. HP: 22/24 MP: 0/12
  2364 | D:3      | Reached XP level 5. HP: 26/28 MP: 0/14
  2449 | D:3      | Reached skill level 5 in Spellcasting
  2607 | D:3      | Noticed Robin
  2625 | D:3      | Killed Robin
  2734 | D:3      | Learned a level 3 spell: Summon Guardian Golem
  2764 | D:3      | Was placed under penance by Okawaru
  3123 | D:3      | Found a glowing silver altar of Zin.
  3767 | D:4      | Reached skill level 1 in Hexes
  3843 | D:4      | Noticed a phantom
  3910 | D:4      | Noticed a centaur
  3972 | D:3      | Slain by a centaur

Skill      XL: |  1  2  3  4  5 |
---------------+----------------+-----
Summonings     | 5 6 |  6.2
Spellcasting   | 4 5 |  5.5
Hexes          | 1 |  1.0
Fighting       | |  0.1
Short Blades   | |  0.2
Throwing       | |  0.4
Dodging        | |  2.8
Stealth        | |  2.5
Evocations     | |  0.2

Action                   |  1- 3 |  4- 6 || total
-------------------------+-------+-------++-------
Melee: Dagger            |     5 |    29 ||    34
Throw: Stone             |     5 |     1 ||     6
 Cast: Summon Small Mamm |    40 |       ||    40
       Call Imp          |    51 |    55 ||   106
       Summon Guardian G |       |     5 ||     5
Evoke: Wand              |     1 |       ||     1
  Use: Scroll            |     3 |     3 ||     6
       Potion            |       |     1 ||     1
 Stab: Distracted        |       |     1 ||     1
  Eat: Chunk             |     5 |     5 ||    10
Armor: Robe              |     4 |    17 ||    21
Dodge: Dodged            |    32 |    57 ||    89
